 Dungeon Crawl Stone Soup version 0.24-b1 (webtiles) character file.

Game seed: 13343900223883107340, levelgen mode: deterministic

119733 HumanIsDead the Fighter (level 17, 0/138 HPs)
             Began as a Human Hunter on Oct 12, 2019.
             Was the Champion of the Shining One.
             Slain by a spiny frog (30 damage)
             ... called by a spriggan druid
             ... on level 4 of the Swamp on Oct 13, 2019.
             The game lasted 02:24:55 (36130 turns).

HumanIsDead the Fighter (Human Hunter)             Turns: 36130, Time: 02:24:56

Health: 0/138      AC: 17    Str: 17    XL:     17   Next: 35%
Magic:  18/24      EV: 21    Int: 16    God:    the Shining One [******]
Gold:   2447       SH:  8    Dex: 30    Spells: 22/26 levels left

rFire    . . .     SeeInvis +   J - +1 whip (elec)
rCold    . . .     Gourm    .   X - +1 buckler {rN+}
rNeg     + + +     Faith    .   K - +2 scale mail {MR+}
rPois    +         Spirit   .   c - +1 helmet of Puseomis {MR+}
rElec    +         Reflect  .   (no cloak)
rCorr    .         Harm     .   C - +1 pair of gloves
MR       +++..                  r - +0 pair of boots
Stlth    +.........             y - amulet of Bepaese {rElec Regen+ Dex+3 SInv}
HPRegen  0.73/turn              z - ring "Ehijaeroi" {rPois Str+4 Dex+7}
MPRegen  0.19/turn              R - +4 ring of dexterity

@: glowing
A: no striking features
a: Divine Shield, Cleansing Flame, Summon Divine Warrior, Brand Weapon With Holy
Wrath, Renounce Religion


You were on level 4 of the Swamp.
You worshipped the Shining One.
The Shining One was exalted by your worship.
You were hungry.

You visited 5 branches of the dungeon, and saw 28 of its levels.
You also visited: Ossuary.

You collected 3056 gold pieces.
You spent 609 gold pieces at shops.

Inventory:

Hand Weapons
 k - the +3 hand crossbow of the Dozen Planets {elec, rPois Str+6 Int-3 Stlth+}
   (You found it on level 1 of the Swamp)

   It charges the ammunition it shoots with electricity; occasionally upon a
   hit, such missiles may discharge and cause terrible harm.
   It affects your strength (+6).
   It affects your intelligence (-3).
   It protects you from poison.
   It makes you more stealthy.
 w - a +2 whip of venom
 J - a +1 whip of electrocution (weapon)
 T - a +5 scimitar of flaming
Missiles
 d - 246 bolts
 M - 95 poisoned darts (quivered)
Armour
 a - a +1 scale mail of fire resistance
 c - the +1 helmet of Puseomis (worn) {MR+}
   (You bought it in a shop on level 15 of the Dungeon)

   It affects your resistance to hostile enchantments.
 r - a +0 pair of boots (worn)
 C - a +1 pair of gloves (worn)
 H - a +0 shield
 K - a +2 scale mail of magic resistance (worn)
 X - a +1 buckler of positive energy (worn)
Magical Staves
 P - an uncursed staff of earth
Jewellery
 y - the amulet of Bepaese (around neck) {rElec Regen+ Dex+3 SInv}
   (You found it in an ossuary)

   [amulet of regeneration]

   It affects your dexterity (+3).
   It insulates you from electricity.
   It lets you see invisible.
   It increases your rate of regeneration.
 z - the ring "Ehijaeroi" (left hand) {rPois Str+4 Dex+7}
   (You found it in an ossuary)

   [ring of poison resistance]

   It affects your strength (+4).
   It affects your dexterity (+7).
   It protects you from poison.
 N - an uncursed ring of protection from fire
 Q - an uncursed ring of protection from fire
 R - a +4 ring of dexterity (right hand)
Wands
 q - a wand of enslavement (17)
 G - a wand of paralysis (8)
 O - a wand of flame (121)
 W - a wand of iceblast (8)
 Y - a wand of digging (9)
Scrolls
 e - 5 scrolls of fog
 m - 8 scrolls of remove curse
 n - a scroll of fear
 s - 3 scrolls of identify
 u - 4 scrolls of amnesia
 x - 5 scrolls of magic mapping
 A - 9 scrolls of teleportation
 B - 2 scrolls of enchant weapon
 D - 4 scrolls of enchant armour
 F - 2 scrolls of blinking
 U - a scroll of immolation
Potions
 g - 4 potions of haste
 h - 6 potions of curing
 i - 4 potions of flight
 j - 4 potions of brilliance
 l - a potion of mutation
 p - 3 potions of agility
 t - 3 potions of berserk rage
 v - 2 potions of resistance
 I - 4 potions of might
 S - a potion of cancellation
 V - 4 potions of lignification
Miscellaneous
 L - a lamp of fire
Comestibles
 b - a chunk of flesh
 f - 39 rations


   Skills:
 + Level 13.9 Fighting
 - Level 12.0 Maces & Flails
 - Level 4.0 Crossbows
 + Level 11.6 Armour
 + Level 11.6 Dodging
 - Level 4.0 Stealth
 - Level 4.0 Shields
 - Level 5.0 Spellcasting
 - Level 9.0 Summonings
 - Level 9.0 Air Magic
 - Level 10.0 Invocations


You had 22 spell levels left.
You knew the following spells:

 Your Spells              Type           Power        Failure   Level  Hunger
a - Summon Lightning Spi  Summ/Air       ####....     10%         4    ####...

Your spell library contained the following spells:

 Spells                   Type           Power        Failure   Level  Hunger
 Summon Small Mammal      Summ           ####         1%          1    None
 Call Imp                 Summ           ####....     1%          2    #......
 Call Canine Familiar     Summ           ####....     3%          3    ###....
 Recall                   Summ/Tloc      N/A          19%         3    ###....
 Summon Guardian Golem    Hex/Summ       ###.....     19%         3    ###....
 Confusing Touch          Hex            #.....       36%         1    None
 Corona                   Hex            #......      36%         1    None
 Ensorcelled Hibernation  Hex/Ice        #.....       52%         2    #......
 Summon Ice Beast         Ice/Summ       ###.....     52%         4    ####...
 Confuse                  Hex            #.......     75%         3    ###....
 Dazzling Spray           Conj/Hex       #.....       75%         3    ###....
 Gell's Gravitas          Tloc           #.........   75%         3    ###....
 Tukima's Dance           Hex            #.......     75%         3    ###....
 Animate Dead             Necr           N/A          98%         4    ####...
 Petrify                  Tmut/Erth      #.......     98%         4    ####...
 Borgnjor's Vile Clutch   Necr/Erth      #.........   100%        5    ######.
 Metabolic Englaciation   Hex/Ice        #.........   100%        5    ######.
 Yara's Violent Unravell  Hex/Tmut       #.........   100%        5    ######.
 Death Channel            Necr           #.........   100%        6    #######
 Simulacrum               Ice/Necr       #.........   100%        6    #######


Dungeon Overview and Level Annotations

Branches:
Dungeon (15/15)            Temple (0/1) D:7            Lair (6/6) D:8
  Swamp (4/4) Lair:2        Snake (1/4) Lair:2        Slime (0/5) Lair:5
    Orc (2/2) D:9             Elf (0/3) Orc:2        Vaults (0/5) D:13
 Depths (0/5) D:15        Ossuary (visited)

Altars:
Ashenzari
Cheibriados
Gozag
Kikubaaqudgha
Makhleb
Okawaru
Ru
Sif Muna
Trog
Vehumet
Xom
Yredelemnul
Zin
The Shining One
Jiyva

Shops:
D:10 }?(   D:15 *[   Orc:2 [?*?

Annotations:
Lair:1 exclusion: 2 oklob plants
Lair:4 exclusion: oklob plant
Lair:5 exclusion: 3 oklob plants


Message History

The swamp dragon is almost dead.
The blink frog completely misses you.
You hit the swamp dragon.
The swamp dragon is almost dead.
The swamp dragon misses you.
The swamp dragon claws you but does no damage.
You block the swamp dragon's attack.
The spiny frog stings you but does no damage.
The blink frog completely misses you.
You hit the swamp dragon.
The swamp dragon is almost dead.
Unknown command.
You hit the swamp dragon.
You kill the swamp dragon!
The blink frog completely misses you. The spiny frog barely misses you.
You hit the spiny frog but do no damage.
Lightning courses through the spiny frog!
The spiny frog is severely wounded.
The blink frog blinks!
The spiny frog stings you!!
You die...

.§≈....≈≈..........≈.... ≈≈...♣♣
≈.≈§.≈..≈.....≈.≈≈≈....≈.......♣.
♣..§≈.....≈.≈.≈.≈.≈.≈....≈§.≈.≈..
(≈..≈...≈..≈..≈.)≈...≈.≈.≈....≈..
♣.≈...≈≈≈...=.≈........≈≈≈≈.≈≈...
♣≈≈.≈...≈≈.≈[≈........≈...≈....≈.
♣.§≈≈...≈≈..≈≈≈.≈.....≈..≈.♣.....
..≈....≈.≈...≈≈F.§..≈≈..≈≈.≈...≈.
≈≈..≈≈.≈.....≈..@≈≈≈.......≈≈..≈.
♣≈..≈...≈.≈........≈..≈≈≈≈....♣♣.
♣≈...≈.≈.≈..≈........≈..♣≈≈..≈♣♣♣
≈≈§.†≈............≈......≈.≈.≈≈♣♣
♣≈.≈≈≈≈....≈≈...≈...≈≈.....≈≈≈♣♣♣
≈..≈..≈.≈.≈F.......≈≈........♣♣ ♣
♣....≈.....≈≈≈≈...≈≈≈...≈...≈.♣
♣≈......≈..≈≈.≈..§..≈≈......≈♣♣♣
≈..≈≈≈≈...≈..≈....≈........≈.♣.♣♣


You could see a spiny frog and a blink frog.

Vanquished Creatures
  Rupert (Lair:4)
  Gastronok (D:8)
  2 thorn hunters
  An orc warlord (Orc:1)
  A stone giant (D:9)
  Nessos (D:15)
  A dire elephant (D:15)
  Snorg (Orc:1)
  A rakshasa (D:15)
  7 hydras
  A vault guard (D:13)
  A death knight (D:13)
  Erica (D:7)
  3 ogre magi
  10 alligators
  10 two-headed ogres
  A death yak (Lair:6)
  4 centaur warriors
  Urug (Lair:5)
  Nergalle (Lair:1)
  A skeletal warrior (D:13)
  5 unseen horrors
  2 deep trolls (Orc:2)
  A spriggan druid (Swamp:4)
  2 orc knights
  A necromancer (Swamp:4)
  4 swamp dragons
  A phantasmal warrior (D:13)
  5 orc sorcerers
  3 cyclopes
  3 deep elf magi (D:13)
  A manticore (D:12)
  4 elephants (Lair:4)
  9 black mambas
  2 guardian serpents (D:11)
  31 spiny frogs
  2 torpor snails
  A naga mage (D:15)
  3 rime drakes
  A swamp worm zombie (Swamp:4)
  A kobold demonologist (D:15)
  6 komodo dragons
  A polar bear (Lair:6)
  16 trolls
  3 meliai
  A polar bear (shapeshifter) (D:15)
  7 hornets
  11 tyrant leeches
  An alligator zombie (Swamp:4)
  25 blink frogs
  6 bog bodies
  9 slime creatures
  A meliai zombie (D:13)
  5 hippogriffs
  2 shadows
  4 spriggans
  25 yaks
  2 wraiths
  6 basilisks
  3 wyverns
  A tyrant leech zombie (Swamp:4)
  Grum (D:8)
  11 vampire mosquitoes
  3 hungry ghosts
  8 swamp worms
  5 wargs
  Menkaure (D:7)
  9 insubstantial wisps
  14 two-headed ogre zombies (D:9)
  23 water moccasins
  A soldier ant (D:12)
  10 porcupines
  3 swamp drakes
  2 sky beasts
  20 orc warriors
  5 phantoms
  An ice beast (D:9)
  8 wolves
  A black bear (D:7)
  29 ogres
  5 centaurs
  10 crocodiles
  A big kobold (D:9)
  32 bullfrogs
  A wyvern zombie (D:13)
  A gnoll sergeant (D:6)
  A water moccasin zombie (D:7)
  11 scorpions
  8 wights
  11 killer bees
  6 howler monkeys
  2 vampire bats (D:2)
  6 electric eels (D:8)
  8 crimson imps
  5 centaur zombies
  2 bullfrog zombies (D:13)
  4 hounds
  4 jellies
  4 centaur skeletons
  13 orc priests
  A bullfrog skeleton (D:10)
  6 iguanas
  20 orc wizards
  13 worker ants
  3 big kobold zombies (Ossuary)
  An ogre zombie (D:9)
  A crocodile zombie (Swamp:4)
  2 hound zombies (D:6)
  2 hound skeletons
  4 mummies
  2 worker ant zombies
  3 gnolls (D:6)
  6 scorpion zombies (Ossuary)
  A swamp drake zombie (Swamp:4)
  39 adders
  4 shadow imps
  2 oozes
  An adder skeleton (D:8)
  2 adder zombies
  3 worms
  4 dart slugs
  9 leopard geckos
  72 orcs
  10 bats
  2 bat skeletons (D:2)
  3 bat zombies (D:2)
  9 giant cockroaches
  3 gnoll zombies
  8 goblins
  5 hobgoblins
  17 jackals
  16 kobolds
  8 quokkas
  3 ball pythons
  9 frilled lizards
  2 goblin zombies (Ossuary)
  A jackal skeleton (D:5)
  A jackal zombie (D:5)
  2 kobold zombies (Ossuary)
  An orc zombie (Ossuary)
  A quokka zombie (D:6)
  6 rats
  A plant (D:8)
867 creatures vanquished.

Vanquished Creatures (collateral kills)
  A tentacled monstrosity (Swamp:4)
  2 hydras
  An alligator (Swamp:3)
  2 slime creatures (Swamp:3)
  A spiny frog (Swamp:3)
  A bog body (Swamp:4)
  A porcupine (Lair:1)
9 creatures vanquished.

Vanquished Creatures (others)
  An alligator (Swamp:1)
  2 insubstantial wisps (Swamp:1)
  A scorpion (Ossuary)
  An orc (Orc:2)
  A briar patch (Swamp:3)
  30 fungi
  72 plants
108 creatures vanquished.

Grand Total: 984 creatures vanquished

Notes
Turn   | Place    | Note
-------+----------+-------------------------------------------
     0 | D:1      | HumanIsDead the Human Hunter began the quest for the Orb.
     0 | D:1      | Reached XP level 1. HP: 16/16 MP: 1/1
   108 | D:1      | Reached XP level 2. HP: 19/22 MP: 2/2
   700 | D:1      | Reached XP level 3. HP: 26/27 MP: 3/3
   908 | D:2      | Found a shimmering blue altar of Sif Muna.
  1193 | D:2      | HP: 1/27 [poisoned by an adder]
  1493 | D:2      | Reached XP level 4. HP: 33/33 MP: 4/4
  1933 | D:2      | Found a faded altar of an unknown god.
  2147 | D:2      | Became a worshipper of the Shining One
  2147 | D:2      | Reached * piety under the Shining One
  2231 | D:2      | Reached XP level 5. HP: 35/39 MP: 5/5
  2238 | D:2      | Found an ancient bone altar of Kikubaaqudgha.
  2263 | D:2      | Reached skill level 3 in Fighting
  2384 | D:2      | Noticed an ogre
  2412 | D:2      | Killed an ogre
  2412 | D:2      | Reached XP level 6. HP: 17/48 MP: 6/6
  2691 | D:3      | Found a glowing silver altar of Zin.
  2691 | D:3      | Found a shimmering altar of Xom.
  2691 | D:3      | Noticed an angel
  2764 | D:3      | Reached skill level 4 in Fighting
  3066 | D:3      | Reached ** piety under the Shining One
  3183 | D:4      | Reached XP level 7. HP: 16/54 MP: 7/7
  3402 | D:4      | Found a sand-covered staircase.
  3413 | Ossuary  | Entered an ossuary
  3965 | Ossuary  | Reached skill level 5 in Fighting
  3965 | Ossuary  | Reached skill level 5 in Dodging
  4251 | Ossuary  | Reached *** piety under the Shining One
  4511 | Ossuary  | Reached XP level 8. HP: 53/63 MP: 8/8
  4938 | Ossuary  | Got a clouded zirconium amulet
  5102 | Ossuary  | Reached skill level 6 in Fighting
  5217 | Ossuary  | Got a scintillating steel ring
  5285 | Ossuary  | Identified the amulet of Bepaese {rElec Regen+ Dex+3 SInv}
                  | (You found it in an ossuary)
  5288 | Ossuary  | Identified the ring "Ehijaeroi" {rPois Str+4 Dex+7} (You
                  | found it in an ossuary)
  5818 | D:5      | Entered Level 5 of the Dungeon
  5897 | D:5      | Found an opulent altar of Gozag.
  6065 | D:5      | Reached skill level 7 in Fighting
  6100 | D:5      | Found a sacrificial altar of Ru.
  6107 | D:5      | Reached XP level 9. HP: 72/72 MP: 9/9
  6168 | D:5      | Reached **** piety under the Shining One
  6255 | D:5      | Reached skill level 1 in Invocations
  6771 | D:6      | Reached skill level 1 in Armour
  6875 | D:6      | Reached skill level 8 in Fighting
  6892 | D:6      | Found a burning altar of Makhleb.
  7031 | D:6      | You fall into a shaft and drop 1 floor!
  7391 | D:7      | You fall into a shaft and drop 2 floors!
  7406 | D:9      | Noticed a two-headed ogre
  7426 | D:9      | Killed a two-headed ogre
  7426 | D:9      | Reached skill level 9 in Fighting
  7426 | D:9      | Reached skill level 5 in Armour
  7426 | D:9      | Reached XP level 10. HP: 66/83 MP: 12/12
  7679 | D:8      | Found an ancient bone altar of Kikubaaqudgha.
  7687 | D:8      | Noticed Grum
  7880 | D:8      | Killed Grum
  7880 | D:8      | Reached skill level 10 in Fighting
  7924 | D:8      | Reached ***** piety under the Shining One
  8134 | D:8      | Noticed Gastronok
  8264 | D:8      | Found a staircase to the Lair.
  8264 | D:8      | Noticed Erica
  8421 | D:7      | Found a staircase to the Ecumenical Temple.
  8749 | D:7      | Found a glowing golden altar of the Shining One.
  8789 | D:7      | Found a radiant altar of Vehumet.
  8792 | D:7      | Found an iron altar of Okawaru.
  8829 | D:7      | Noticed Menkaure
  8840 | D:7      | Killed Menkaure
  9118 | D:7      | Killed Erica
  9118 | D:7      | Reached skill level 11 in Fighting
  9118 | D:7      | Reached XP level 11. HP: 64/93 MP: 13/13
  9386 | D:8      | You fall into a shaft and drop 1 floor!
  9397 | D:9      | HP: 2/93 [two-headed ogre zombie (12)]
  9408 | D:9      | HP: 4/93 [orc priest/divine providence (12)]
  9408 | D:9      | The Shining One protects you from harm!
 10156 | D:9      | Found a staircase to the Orcish Mines.
 10173 | D:9      | Reached skill level 12 in Fighting
 10291 | D:9      | Reached skill level 5 in Invocations
 10424 | D:9      | Reached ****** piety under the Shining One
 10431 | D:9      | Noticed an ogre mage
 10471 | D:9      | Killed an ogre mage
 10553 | D:9      | Found a shattered altar of Ashenzari.
 11001 | D:10     | Entered Level 10 of the Dungeon
 11034 | D:10     | Found Voubluk's Gadget Boutique.
 11103 | D:10     | Found Lexi's Weapon Shop.
 11105 | D:10     | Found Degogo's Magic Scroll Shoppe.
 11190 | D:10     | Reached XP level 12. HP: 80/102 MP: 16/16
 11289 | D:10     | Noticed an unseen horror
 11310 | D:10     | Killed an unseen horror
 11310 | D:10     | Reached skill level 10 in Dodging
 14196 | D:8      | HP: 5/102 [Gastronok (34)]
 14489 | D:8      | Found a basalt altar of Yredelemnul.
 14786 | D:8      | Killed Gastronok
 14844 | Lair:1   | Entered Level 1 of the Lair of Beasts
 15212 | Lair:1   | Reached XP level 13. HP: 108/108 MP: 20/20
 15315 | Lair:1   | Noticed Nergalle
 15351 | Lair:1   | Killed Nergalle
 15351 | Lair:1   | Reached skill level 10 in Invocations
 15403 | Lair:1   | Reached skill level 10 in Armour
 15556 | Lair:1   | Reached skill level 1 in Maces & Flails
 15862 | Lair:1   | Paralysed by a floating eye for 2 turns
 15866 | Lair:1   | Paralysed by a floating eye for 2 turns
 16408 | Lair:2   | Found a staircase to the Snake Pit.
 16593 | Lair:2   | Reached skill level 5 in Maces & Flails
 16858 | Lair:2   | Found a staircase to the Swamp.
 17433 | Snake:1  | Entered Level 1 of the Snake Pit
 17455 | Lair:3   | Noticed a four-headed hydra
 17469 | Lair:3   | Killed a four-headed hydra
 17791 | Lair:3   | Identified the cursed +0 buckler "Buasoloh" {+Fly SInv}
                  | (You found it on level 3 of the Lair of Beasts)
 18054 | Lair:3   | Reached skill level 1 in Shields
 18619 | Lair:4   | Noticed an eight-headed hydra
 18661 | Lair:3   | HP: 3/108 [six-headed hydra (13)]
 19241 | Lair:3   | Killed a one-headed hydra
 19631 | Lair:4   | Reached XP level 14. HP: 71/115 MP: 21/21
 20212 | Lair:4   | Noticed Rupert
 20215 | Lair:4   | Paralysed by Rupert for 5 turns
 20250 | Lair:4   | Killed Rupert
 20250 | Lair:4   | Reached skill level 10 in Maces & Flails
 20945 | Lair:5   | Found a snail-covered altar of Cheibriados.
 21338 | Lair:5   | Noticed Urug
 21357 | Lair:5   | Killed Urug
 21455 | Lair:5   | Found a staircase to the Slime Pits.
 21456 | Lair:5   | Found a viscous altar of Jiyva.
 21701 | Lair:5   | You fall into a shaft and drop 1 floor!
 21701 | Lair:6   | Entered Level 6 of the Lair of Beasts
 22164 | Lair:6   | Learned a level 4 spell: Summon Lightning Spire
 22279 | Lair:6   | Reached skill level 1 in Summonings
 22279 | Lair:6   | Reached skill level 1 in Air Magic
 22341 | Lair:6   | Reached skill level 1 in Spellcasting
 23122 | Lair:6   | Reached XP level 15. HP: 104/120 MP: 22/22
 23546 | Lair:6   | Identified the +3 glaive of Tender Mercy {elec, +Rage} (You
                  | found it on level 6 of the Lair of Beasts)
 23918 | Lair:6   | Got a jewelled scimitar
 24536 | D:13     | Found a gate to the Vaults.
 24589 | D:13     | Identified the +1 scimitar of Bread {venom, rElec Int+9}
                  | (You found it on level 6 of the Lair of Beasts)
 24725 | D:13     | Reached skill level 5 in Summonings
 24725 | D:13     | Reached skill level 5 in Air Magic
 25277 | D:13     | Reached skill level 5 in Spellcasting
 26597 | D:15     | Entered Level 15 of the Dungeon
 26912 | D:15     | Noticed Nessos
 26925 | D:15     | Killed Nessos
 27422 | D:15     | Found Dawuusk's General Store.
 27440 | D:15     | Bought a +0 pair of boots for 72 gold pieces
 27800 | D:15     | Found a staircase to the Depths.
 28023 | D:15     | Found Buimek's Armour Emporium.
 28026 | D:15     | Bought the +1 helmet of Puseomis {MR+} for 397 gold pieces
 28282 | Orc:1    | Entered Level 1 of the Orcish Mines
 28821 | Orc:2    | Entered Level 2 of the Orcish Mines
 28821 | Orc:2    | Noticed a stone giant
 29085 | D:9      | HP: 3/120 [stone giant (25)]
 29086 | D:9      | The Shining One protects you from harm!
 29098 | D:9      | HP: 3/120 [stone giant (18)]
 29111 | D:9      | Killed a stone giant
 29302 | Orc:1    | Reached XP level 16. HP: 85/127 MP: 23/23
 29518 | Orc:2    | Found a staircase to the Elven Halls.
 29895 | Orc:2    | Noticed Snorg
 30021 | Orc:1    | Killed Snorg
 30665 | Orc:2    | Found Biysoe's Antique Armour Shoppe.
 30666 | Orc:2    | Found Zyjif's Magic Scroll Shoppe.
 31548 | Orc:2    | Found Povycu's General Store.
 31555 | Orc:2    | Bought a scroll of identify for 24 gold pieces
 31557 | Orc:2    | Bought a scroll of teleportation for 36 gold pieces
 31557 | Orc:2    | Bought a scroll of identify for 24 gold pieces
 31561 | Orc:2    | Found Jaotsay's Magic Scroll Emporium.
 31565 | Orc:2    | Bought a scroll of identify for 32 gold pieces
 31572 | Orc:2    | Bought a scroll of identify for 24 gold pieces
 32036 | Swamp:1  | Entered Level 1 of the Swamp
 32106 | Swamp:1  | Reached skill level 13 in Fighting
 32424 | Swamp:1  | Got a smoking hand crossbow
 34243 | Swamp:3  | Identified the +3 hand crossbow of the Dozen Planets {elec,
                  | rPois Str+6 Int-3 Stlth+} (You found it on level 1 of the
                  | Swamp)
 34245 | Swamp:3  | Identified a scroll of acquirement
 34408 | Swamp:3  | Reached XP level 17. HP: 137/137 MP: 24/24
 34958 | Swamp:3  | Noticed a thorn hunter
 34979 | Swamp:3  | Killed a thorn hunter
 35213 | Swamp:3  | Found a bloodstained altar of Trog.
 35346 | Swamp:4  | Entered Level 4 of the Swamp
 35565 | Swamp:4  | Noticed a thorn hunter
 35591 | Swamp:4  | Killed a thorn hunter
 35684 | Swamp:4  | Noticed a tentacled monstrosity
 35739 | Swamp:4  | Killed a tentacled monstrosity
 36130 | Swamp:4  | Slain by a spiny frog

Skill      XL: |  1  2  3  4  5  6  7  8  9 10 11 12 13 14 15 16 |
---------------+-------------------------------------------------+-----
Stealth        | 2 3 4 |  4.0
Fighting       | 3 4 5 7 9 11 12 13 | 13.9
Dodging        | 3 4 5 7 9 10 11 | 11.6
Invocations    | 3 5 9 10 | 10.0
Armour         | 5 7 9 10 11 | 11.6
Maces & Flails | 8 12 | 12.0
Shields        | 4 |  4.0
Summonings     | 3 7 9 |  9.0
Air Magic      | 3 7 9 |  9.0
Spellcasting   | 3 5 |  5.0
Crossbows      | |  4.0

Action                   |  1- 3 |  4- 6 |  7- 9 | 10-12 | 13-15 | 16-18 || total
-------------------------+-------+-------+-------+-------+-------+-------++-------
Melee: Short sword       |   127 |   170 |   450 |   832 |   211 |       ||  1790
       Whip              |       |       |       |   140 |  1708 |  1242 ||  3090
       Scimitar          |       |       |       |       |    20 |       ||    20
 Fire: Hand crossbow     |     5 |     8 |    56 |       |       |       ||    69
Throw: Dart              |       |       |       |       |     2 |       ||     2
 Cast: Summon Lightning  |       |       |       |       |       |    23 ||    23
Evoke: Wand              |       |       |     3 |     7 |    15 |       ||    25
       Lamp of fire      |       |       |       |       |     1 |       ||     1
  Use: Scroll            |       |     5 |     7 |    18 |    14 |    10 ||    54
       Potion            |       |       |       |     6 |     7 |     5 ||    18
 Stab: Sleeping          |     3 |     1 |       |       |       |       ||     4
  Eat: Chunk             |       |     7 |     8 |    22 |    40 |    24 ||   101
       Ration            |       |       |     2 |     2 |     2 |     1 ||     7
Armor: Leather armour    |    51 |    62 |    46 |       |       |       ||   159
       Scale mail        |       |       |    32 |   319 |   333 |   250 ||   934
Dodge: Dodged            |    92 |   163 |   344 |  1022 |  1056 |   786 ||  3463
Block: Buckler           |       |       |       |       |   252 |   343 ||   595
       Rpst.: Scimitar   |       |       |       |       |     4 |       ||     4
